Map: Dusk Towers

Players

soulsteal

  • Race: Protoss Protoss

Fayt

  • Race: Protoss Protoss

voloDT

  • Race: Protoss Protoss

CaveMan

  • Race: Protoss Protoss

VOD

Have the link to the VOD?

Description

Time

  • Played on: Nov. 11, 2015, 3:07 p.m.
  • Length: 16:00
Show
View Real Time Build Order
Export as new Build Order

soulsteal Protoss 

Build Orders:  

Get SALT Encoding   

  12  0:02  Probe (Chrono Boost)  
  13  0:18  Pylon  
  13  0:21  Probe (Chrono Boost)  
  14  0:32  Probe (Chrono Boost)  
  15  0:40  Assimilator  
  16  0:42  Probe (Chrono Boost)  
  16  0:52  Gateway  
  16  0:53  Probe (Chrono Boost)  
  17  1:03  Probe (Chrono Boost)  
  18  1:14  Probe (Chrono Boost)  
  19  1:25  Probe (Chrono Boost)  
  20  1:27  Pylon  
  20  1:35  Probe (Chrono Boost)  
  21  1:49  Nexus  
  21  2:08  Cybernetics Core  
  21  2:10  Pylon, Zealot  
  23  2:25  Gateway  
  23  2:38  Zealot  
  27  2:44  Mothership Core (Chrono Boost)  
  27  2:56  Robotics Facility  
  27  3:04  Probe (Chrono Boost)  
  30  3:06  Sentry, Probe (Chrono Boost)  
  31  3:15  Probe (Chrono Boost)  
  31  3:17  Probe (Chrono Boost)  
  31  3:19  Stalker, Pylon  
  34  3:28  Probe x2 (Chrono Boost)  
  36  3:40  Zealot  
  36  3:52  Probe (Chrono Boost)  
  36  3:53  Assimilator  
  36  3:55  Probe (Chrono Boost)  
  38  4:01  Immortal  
  38  4:02  Probe (Chrono Boost)  
  43  4:04  Zealot  
  43  4:05  Probe (Chrono Boost)  
  46  4:13  Probe (Chrono Boost)  
  46  4:16  Probe (Chrono Boost)  
  48  4:18  Pylon  
  48  4:23  Probe (Chrono Boost)  
  49  4:27  Probe (Chrono Boost)  
  50  4:35  Probe (Chrono Boost)  
  50  4:36  Stalker  
  50  4:37  Probe (Chrono Boost)  
  54  4:39  Zealot  
  54  4:44  Immortal  
  54  4:45  Probe (Chrono Boost)  
  61  4:48  Probe (Chrono Boost)  
  61  4:50  Pylon  
  62  4:55  Pylon  
  62  5:05  Zealot x2  
  66  5:09  Assimilator  
  66  5:10  Probe x2 (Chrono Boost)  
  66  5:13  Assimilator  
  70  5:21  Probe x2 (Chrono Boost)  
  70  5:23  Observer  
  70  5:28  Stalker x2  
  71  5:35  Probe x2 (Chrono Boost)  
  77  5:45  Observer  
  77  5:47  Probe (Chrono Boost)  
  77  5:49  Forge  
  79  5:52  Forge  
  79  5:55  Zealot x2  
  83  6:12  Nexus  
  83  6:16  Protoss Ground Weapons Level 1  
  83  6:17  Protoss Ground Armor Level 1  
  83  6:29  Immortal  
  85  6:35  Stalker  
  85  6:37  Pylon  
  86  6:40  Pylon  
  86  6:46  Twilight Council  
  85  6:51  Stalker  
  87  7:08  Immortal  
  87  7:15  Stalker  
  90  7:21  Stalker  
  94  7:27  Probe (Chrono Boost)  
  95  7:40  Probe (Chrono Boost)  
  96  7:45  Stalker  
  96  7:47  Warp Prism  
  101  7:51  Stalker  
  101  7:52  Probe (Chrono Boost)  
  103  8:04  Probe (Chrono Boost), Gateway  
  102  8:08  Pylon  
  102  8:12  Pylon  
  96  8:14  Pylon  
  96  8:23  Immortal  
  96  8:25  Stalker x2  
  104  8:33  Protoss Ground Armor Level 2, Pylon  
  104  8:36  Protoss Ground Weapons Level 2  
  104  8:44  Probe (Chrono Boost)  
  104  8:45  Pylon  
  104  8:46  Probe (Chrono Boost)  
  106  8:55  Stalker x2  
  111  8:56  Probe (Chrono Boost)  
  111  9:00  Stalker  
  113  9:05  Probe (Chrono Boost)  
  113  9:08  Probe (Chrono Boost)  
  113  9:09  Pylon  
  116  9:17  Probe (Chrono Boost)  
  116  9:19  Probe (Chrono Boost)  
  121  9:24  Immortal  
  121  9:28  Sentry x2  
  121  9:29  Probe x2 (Chrono Boost)  
  122  9:41  Probe (Chrono Boost)  
  122  9:44  Stalker  
  126  9:53  Probe (Chrono Boost)  
  126  9:54  Stalker  
  126  9:55  Probe (Chrono Boost)  
  129  10:00  Blink  
  129  10:05  Probe (Chrono Boost)  
  131  10:07  Probe (Chrono Boost)  
  131  10:18  Probe (Chrono Boost)  
  131  10:19  Probe (Chrono Boost)  
  133  10:23  Assimilator  
  133  10:27  Stalker, Assimilator  
  133  10:28  Stalker x2  
  139  10:31  Probe (Chrono Boost)  
  139  10:33  Dark Shrine  
  140  10:42  Immortal  
  144  10:44  Protoss Ground Armor Level 3  
  144  10:56  Probe (Chrono Boost)  
  145  10:57  Zealot  
  145  10:58  Zealot x2  
  151  11:07  Probe (Chrono Boost)  
  151  11:09  Probe (Chrono Boost)  
  153  11:24  Stalker  
  153  11:25  Stalker, Protoss Shields Level 1  
  149  11:28  Observer  
  148  11:42  Nexus  
  148  11:49  Observer  
  148  11:53  Stargate  
  149  11:55  Zealot  
  149  11:56  Zealot x2  
  149  11:58  Stargate  
  155  12:05  Probe (Chrono Boost)  
  156  12:15  Probe (Chrono Boost)  
  157  12:23  Stalker, Zealot x2  
  163  12:44  Fleet Beacon  
  163  12:48  Void Ray x2  
  163  12:50  Stalker  
  171  13:25  Void Ray  
  171  13:26  Void Ray  
  179  13:37  Pylon  
  179  13:40  Pylon  
  179  13:42  Pylon  
  179  13:55  Stalker x3  
  185  13:57  Carrier  
  185  13:58  Graviton Catapult (Chrono Boost)  
  185  14:00  Carrier  
  197  14:25  Stalker  
  91  15:00  Stalker x2  
  91  15:01  Stalker  
Show
View Real Time Build Order
Export as new Build Order

Fayt Protoss 

Build Orders:  

Get SALT Encoding   

  12  0:01  Probe (Chrono Boost)  
  13  0:11  Probe (Chrono Boost)  
  14  0:18  Pylon  
  14  0:22  Probe (Chrono Boost)  
  15  0:36  Probe (Chrono Boost)  
  16  0:43  Assimilator  
  16  0:47  Probe (Chrono Boost)  
  17  0:52  Gateway  
  17  0:57  Probe (Chrono Boost)  
  17  1:02  Pylon  
  18  1:08  Probe (Chrono Boost)  
  19  1:18  Probe (Chrono Boost)  
  20  1:29  Probe (Chrono Boost)  
  22  1:40  Probe (Chrono Boost)  
  22  1:42  Cybernetics Core  
  22  1:50  Probe (Chrono Boost)  
  23  2:06  Nexus  
  23  2:17  Warp Gate, Assimilator  
  23  2:22  Pylon  
  23  2:24  Probe (Chrono Boost)  
  23  2:26  Adept (Chrono Boost)  
  26  2:36  Probe  
  27  2:48  Probe  
  28  3:00  Probe  
  29  3:10  Sentry (Chrono Boost)  
  32  3:12  Probe, Gateway  
  32  3:17  Gateway  
  32  3:22  Probe  
  33  3:32  Probe  
  33  3:41  Stalker (Chrono Boost)  
  34  3:43  Probe  
  35  3:52  Assimilator  
  35  3:53  Probe  
  36  3:56  Pylon, Assimilator  
  36  3:57  Probe (Chrono Boost)  
  36  4:00  Protoss Air Weapons Level 1, Stargate  
  37  4:05  Probe (Chrono Boost)  
  37  4:09  Probe (Chrono Boost)  
  39  4:15  Probe (Chrono Boost)  
  40  4:19  Probe (Chrono Boost)  
  41  4:26  Probe  
  42  4:31  Probe  
  42  4:36  Probe  
  44  4:41  Stalker x2  
  44  4:44  Mothership Core  
  44  4:45  Oracle  
  53  4:47  Probe  
  54  4:54  Pylon  
  54  4:59  Stalker  
  54  5:15  Stalker x2  
  54  5:20  Probe, Oracle  
  62  5:24  Probe  
  63  5:35  Probe  
  63  5:40  Nexus  
  64  5:45  Probe, Pylon  
  64  5:47  Probe  
  66  5:51  Stalker x2  
  70  6:00  Pylon  
  70  6:07  Void Ray  
  72  6:31  Probe  
  73  6:42  Probe  
  73  6:44  Probe  
  73  6:45  Void Ray  
  79  7:03  Zealot x3  
  85  7:13  Pylon  
  85  7:15  Pylon  
  85  7:22  Void Ray  
  86  7:32  Probe  
  87  7:41  Stalker  
  87  7:42  Stalker x2  
  87  7:43  Probe  
  93  7:44  Probe  
  95  7:53  Probe  
  95  7:54  Assimilator  
  95  7:55  Stargate  
  95  7:56  Probe  
  97  7:58  Pylon  
  97  7:59  Void Ray, Assimilator  
  97  8:04  Probe  
  102  8:08  Gateway x2  
  102  8:13  Gateway  
  102  8:14  Probe  
  102  8:16  Pylon x2  
  102  8:17  Pylon  
  102  8:19  Stalker  
  105  8:20  Stalker x2  
  105  8:22  Probe  
  105  8:25  Probe  
  112  8:34  Probe  
  112  8:35  Probe  
  113  8:43  Void Ray  
  113  8:46  Probe, Void Ray  
  113  8:48  Forge  
  122  8:58  Probe  
  122  9:02  Fleet Beacon  
  123  9:08  Zealot x3  
  129  9:14  Protoss Ground Weapons Level 1  
  129  9:23  Void Ray  
  133  9:53  Stalker  
  133  9:54  Stalker x4  
  133  9:55  Nexus, Zealot  
  133  9:59  Assimilator  
  144  10:05  Assimilator  
  141  10:24  Void Ray  
  141  10:26  Void Ray  
  149  11:01  Pylon  
  149  11:03  Pylon  
  149  11:04  Pylon x2  
  143  11:29  Probe  
  143  11:30  Void Ray  
  143  11:32  Void Ray  
  152  11:40  Probe  
  153  11:50  Probe, Protoss Ground Armor Level 1  
  154  11:54  Protoss Air Weapons Level 2 (Chrono Boost)  
  154  12:02  Probe  
  154  12:07  Void Ray  
  155  12:09  Void Ray  
  155  12:15  Probe (Chrono Boost)  
  164  12:19  Twilight Council  
  164  12:21  Pylon  
  164  12:24  Probe (Chrono Boost)  
  164  12:29  Probe (Chrono Boost)  
  167  12:31  Probe (Chrono Boost)  
  167  12:35  Probe (Chrono Boost)  
  168  12:41  Probe (Chrono Boost)  
  168  12:43  Probe (Chrono Boost)  
  168  12:44  Pylon x2  
  170  12:45  Probe (Chrono Boost)  
  170  12:46  Pylon  
  171  12:55  Probe (Chrono Boost)  
  171  12:56  Probe (Chrono Boost)  
  173  12:59  Tempest x2  
  174  13:06  Probe (Chrono Boost)  
  174  13:07  Probe (Chrono Boost)  
  180  13:17  Probe (Chrono Boost)  
  180  13:19  Probe (Chrono Boost)  
  182  13:23  Nexus  
  182  13:27  Probe (Chrono Boost)  
  183  13:37  Void Ray x2  
  183  13:45  Pylon  
  183  13:46  Stalker x4  
  183  13:47  Pylon  
  199  13:51  Pylon  
  199  14:18  Gateway x2  
  199  14:21  Gateway  
  199  14:28  Stargate  
  199  14:30  Stargate  
  173  14:52  Assimilator  
  137  14:58  Assimilator  
  129  15:10  Stalker x4  
  129  15:11  Stalker x2  
  141  15:23  Pylon  
  141  15:24  Pylon  
Show
View Real Time Build Order
Export as new Build Order

voloDT Protoss 

Build Orders:  

Get SALT Encoding   

Show
View Real Time Build Order
Export as new Build Order

CaveMan Protoss 

Build Orders:  

Get SALT Encoding   

Tags
 
Add a new tag
Caveats
  • Supply blocks, unpowered buildings, or Contaminate may cause inaccurate times.
  • Supply counts are checked every 10 seconds.